 Dungeon Crawl Stone Soup version 0.29.1-1-gd02db6906a (webtiles) character file.

Game seed: 17934677443321086832

10854 Tiocfaidh the Basher (level 11, -5/82 HPs)
             Began as a Pale Draconian Transmuter on Oct 7, 2022.
             Was a Priest of Hepliaklqana.
             Slain by an eight-headed hydra (11 damage)
             ... on level 10 of the Dungeon.
             The game lasted 01:03:46 (12356 turns).

Tiocfaidh the Basher (Pale Draconian Transmuter)   Turns: 12356, Time: 01:03:49

Health: -5/82      AC:  8    Str: 16    XL:     11   Next: 41%
Magic:  18/19      EV: 14    Int: 21    God:    Hepliaklqana [***...]
Gold:   545        SH:  0    Dex: 12    Spells: 15/20 levels left

rFire   + . .      SeeInvis .   t - +6 dire flail (protect)
rCold   + . .      Faith    .   (shield currently unavailable)
rNeg    . . .      Spirit   .   (body armour unavailable)
rPois   +          Reflect  .   (helmet currently unavailable)
rElec   +          Harm     .   (no cloak)
rCorr   +          Rampage  .   e - +0 pair of gloves
Will    .....                   (boots currently unavailable)
Stlth   +.........              a - amulet of regeneration
HPRegen 1.03/turn               f - ring "Ocraoczi" {Fly Int+7 Stlth-}
MPRegen 0.16/turn               (no ring)

@: appendages, resistant, flying, slowed, studying Short Blades, very slow
A: horns 2, talons 2, reduced essence, breathe steam, AC +7, unfitting armour,
cold-blooded, steam resistance
a: Breathe Steam, End Transformation, Renounce Religion, Recall Ancestor,
Ancestor Identity, Transference


You were on level 10 of the Dungeon.
You worshipped Hepliaklqana.
Hepliaklqana was most pleased with you.
You had temporarily grown beastly horns and talons.
You visited 2 branches of the dungeon, and saw 14 of its levels.
You also visited: Ossuary and Bailey.

You collected 545 gold pieces.

Inventory:

Hand Weapons
 t - a +6 dire flail of protection (weapon)
Armour
 e - a +0 pair of gloves (worn)
 x - a +2 pair of boots (melded)
Jewellery
 a - an amulet of regeneration (around neck)
 d - an amulet of guardian spirit
 f - the ring "Ocraoczi" (left hand) {Fly Int+7 Stlth-}
   (You acquired it in a bailey)

   [ring of flight]

   Int:       It affects your intelligence (+7).
   Fly:       It grants you flight.
   Stlth:     It makes you less stealthy.
 g - a ring of positive energy
Wands
 b - a wand of flame (35)
 p - a wand of digging (7)
Scrolls
 h - 2 scrolls of amnesia
 u - a scroll of brand weapon
 v - 2 scrolls of magic mapping
 w - 3 scrolls of identify
Potions
 i - 3 potions of invisibility
 k - 3 potions of magic
 l - 2 potions of might
 m - 3 potions of curing
 n - a potion of resistance
 o - 2 potions of haste
 r - 4 potions of cancellation
 s - 5 potions of flight


   Skills:
 + Level 7.1 Fighting
 + Level 6.5 Short Blades
 + Level 10.3 Maces & Flails
 + Level 7.2 Dodging
 + Level 4.0 Stealth
 + Level 4.4 Unarmed Combat
 + Level 5.3 Spellcasting
 + Level 4.4 Transmutations
 + Level 2.0 Ice Magic


You had 15 spell levels left.
You knew the following spells:

 Your Spells              Type           Power      Damage    Failure   Level
a - Beastly Appendage     Tmut           48%        N/A       1%          1
b - Freeze                Ice            56%        1d7       4%          1
c - Frozen Ramparts       Ice            28%        1d5       14%         3

Your spell library contained the following spells:

 Spells                   Type           Power      Damage    Failure   Level
 Wereblood                Tmut           24%        N/A       2%          2
 Spider Form              Tmut/Pois      15%        N/A       12%         3
 Ozocubu's Armour         Ice            14%        N/A       14%         3
 Ice Form                 Ice/Tmut       19%        N/A       26%         4
 Summon Guardian Golem    Hex/Summ       5%         N/A       30%         3
 Hailstorm                Conj/Ice       9%         3d4       56%         4
 Orb of Destruction       Conj           2%         9d5       100%        7
 Ozocubu's Refrigeration  Ice            7%         4d9       100%        7
 Spellforged Servitor     Conj/Summ      2%         N/A       100%        7


Dungeon Overview and Level Annotations

Branches:
Dungeon (13/15)            Temple (1/1) D:4         Ossuary (visited)
 Bailey (visited)
   Lair: D:8-11         Orc: D:9-12      Vaults: D:13-14

Altars:
Ashenzari
Cheibriados
Dithmenos
Fedhas
Gozag
Hepliaklqana
Makhleb
Nemelex Xobeh
Qazlal
Ru
Sif Muna
Trog
Uskayaw
Vehumet
Wu Jian
Xom
Zin
The Shining One

Shops:
D:3 (   D:8 [

Annotations:
D:10 Sonja


Innate Abilities, Weirdness & Mutations

You have temporarily grown beastly horns and talons.
Your life essence is reduced to manifest your ancestor. (-10% HP)
You can breathe blasts of scalding, opaque steam.
Your pale cyan-grey scales are hard. (AC +7)
You cannot fit into any form of body armour.
You are cold-blooded and may be slowed by cold attacks.
You are immune to the effects of steam.


Message History

Your +2 pair of boots melds into your body.
The eight-headed hydra bites you! The eight-headed hydra misses you.
The eight-headed hydra bites you but does no damage.
The eight-headed hydra barely misses you.
The eight-headed hydra bites you! x2
The eight-headed hydra closely misses you.
The eight-headed hydra misses you. 69 Crimes hits the eight-headed hydra with a +0 dagger of draining. 69 Crimes drains the eight-headed hydra.
The eight-headed hydra barely misses you.
The eight-headed hydra bites you.
The eight-headed hydra bites you but does no damage.
The eight-headed hydra bites you! The eight-headed hydra bites you.
The eight-headed hydra misses you. The eight-headed hydra bites you.
The eight-headed hydra barely misses you. 69 Crimes hits the eight-headed hydra with a +0 dagger of draining. 69 Crimes drains the eight-headed hydra.
You barely miss the eight-headed hydra.
The eight-headed hydra is moderately wounded. 69 Crimes barely misses the eight-headed hydra.
The eight-headed hydra bites you!
* * * LOW HITPOINT WARNING * * *
The eight-headed hydra bites you but does no damage.
The eight-headed hydra closely misses you.
The eight-headed hydra bites you.
* * * LOW HITPOINT WARNING * * *
The eight-headed hydra bites you!
* * * LOW HITPOINT WARNING * * *
The eight-headed hydra closely misses you.
The eight-headed hydra bites you.
* * * LOW HITPOINT WARNING * * *
The eight-headed hydra barely misses you. 69 Crimes barely misses the eight-headed hydra.
You feel protected. 69 Crimes hits the eight-headed hydra with a +0 dagger of draining. 69 Crimes drains the eight-headed hydra.
The eight-headed hydra bites you but does no damage.
The eight-headed hydra barely misses you. x3
The eight-headed hydra misses you. The eight-headed hydra bites you!
You die...

........# #.............<...#
........## #...........)....## .
........!###......>.........# ..
..........##................# ...
...........#.............รท.##....
............#.........).......#
.............#................#
...>....##......R.........##.....
......#####.....@D..).##### ..(##
....### ##...######### ...# ...##
##...## ...# ##..## ##...## ...#
##..###...## ...# # ##..#....##
...## ####......#.## ###.....
.##..###(..#.## ##....... ..#..#
###..#.# ##........


You could see the friendly 69 Crimes the hexer and an eight-headed hydra
(drained, ally target).

Vanquished Creatures
  A two-headed ogre (D:8)
  2 cyclopes (D:13)
  A troll (D:9)
  13 yaks
  Grum (D:9)
  3 steam dragons
  Edmund (D:5)
  3 water moccasins
  Duvessa (D:5)
  4 orc warriors
  A sky beast (D:8)
  3 black bears
  2 ogres
  3 wolves
  2 centaurs
  A phantom (D:6)
  An elf zombie (Ossuary)
  A gnoll sergeant (D:9)
  6 kobold brigands
  3 bullfrogs
  A scorpion (D:4)
  8 wights
  Dowan (D:5)
  3 electric eels (D:6)
  A howler monkey (D:9)
  4 hounds
  A gnoll bouda (D:6)
  A human zombie (Ossuary)
  2 orc priests
  4 jellies
  Jessica (D:2)
  Terence (D:2)
  An iguana (D:5)
  6 orc wizards
  2 mummies (Ossuary)
  21 gnolls
  4 adders
  4 ufetubi
  2 adder zombies (Ossuary)
  3 worms
  3 dart slugs
  35 orcs
  7 bats
  4 endoplasms
  A giant cockroach (D:1)
  7 goblins
  8 hobgoblins
  7 jackals
  4 quokkas
  8 ball pythons
  5 frilled lizards
  2 goblin zombies (Ossuary)
  5 hobgoblin zombies (Ossuary)
  2 jackal zombies (Ossuary)
  18 kobolds
  12 kobold zombies (Ossuary)
  7 orc zombies (Ossuary)
  4 rats
  4 rat zombies (Ossuary)
267 creatures vanquished.

Vanquished Creatures (collateral kills)
  A gargoyle (D:10)
  A kobold demonologist (D:8)
  A troll (D:10)
  A hornet (D:10)
  A wraith (D:11)
  3 yaks (D:10)
  A steam dragon (D:7)
  A water moccasin (D:8)
  A black bear (D:8)
  2 sky beasts (D:7)
  A boggart (D:13)
  A kobold brigand (D:13)
  A killer bee (D:8)
  A gnoll bouda (D:9)
  2 orc priests (D:8)
  A jelly (D:7)
  2 orc wizards (D:8)
  3 gnolls
  8 orcs
  A goblin (D:7)
  7 kobolds
41 creatures vanquished.

Vanquished Creatures (others)
  A sky beast (D:7)
  An electric eel (D:13)
  5 hexers
  5 ancestors
  3 plants
15 creatures vanquished.

Grand Total: 323 creatures vanquished

Notes
Turn   | Place    | Note
-------+----------+-------------------------------------------
     0 | D:1      | Tiocfaidh the Draconian Transmuter began the quest for the
                  | Orb.
     0 | D:1      | Reached XP level 1. HP: 16/16 MP: 3/3
    93 | D:1      | Reached XP level 2. HP: 22/23 MP: 5/5
   420 | D:1      | Found a faded altar of an unknown god.
   866 | D:2      | Reached XP level 3. HP: 28/28 MP: 6/6
   960 | D:2      | Noticed Jessica
   967 | D:2      | Killed Jessica
  1167 | D:2      | Reached XP level 4. HP: 31/34 MP: 7/7
  1193 | D:2      | Reached skill level 1 in Short Blades
  1227 | D:2      | Noticed Terence
  1256 | D:2      | Killed Terence
  1710 | D:2      | Reached XP level 5. HP: 34/41 MP: 8/8
  2209 | D:3      | Found a hide-covered altar of Uskayaw.
  2213 | D:3      | Found a radiant altar of Vehumet.
  2246 | D:3      | Identified the +12 plate armour of Infinity {Str+4}
  2484 | D:3      | Found Kuoghoph's Antique Weapon Emporium.
  2505 | D:3      | Noticed a water moccasin
  2524 | D:3      | Killed a water moccasin
  2525 | D:3      | Reached XP level 6. HP: 18/48 MP: 9/9
  3100 | D:4      | Found a staircase to the Ecumenical Temple.
  3125 | Temple   | Entered the Ecumenical Temple
  3172 | Temple   | Became a worshipper of Hepliaklqana the Forgotten
  3281 | D:4      | Reached skill level 1 in Stealth
  3494 | D:4      | Your scales start taking on a pale cyan-grey colour.
  3494 | D:4      | Reached XP level 7. HP: 51/56 MP: 10/10
  3494 | D:4      | Gained mutation: You are immune to the effects of steam.
                  | [Pale Draconian growth]
  4170 | D:5      | Entered Level 5 of the Dungeon
  4317 | D:5      | Noticed Duvessa
  4321 | D:5      | Noticed Dowan
  4349 | D:5      | Killed Duvessa
  4350 | D:5      | Reached skill level 5 in Short Blades
  4475 | D:5      | Found a sand-covered staircase.
  4478 | Ossuary  | Entered an ossuary
  5147 | D:5      | Noticed Edmund
  5173 | D:5      | Killed Edmund
  5174 | D:5      | Reached XP level 8. HP: 35/66 MP: 4/12
  5456 | D:5      | Reached skill level 1 in Maces & Flails
  5678 | D:5      | Killed Dowan
  5726 | D:6      | Reached skill level 2 in Maces & Flails
  5987 | D:6      | Reached * piety under Hepliaklqana
  6015 | D:6      | Found a transporter.
  6169 | D:6      | Reached skill level 3 in Maces & Flails
  6170 | D:6      | Found a sparkling altar of Nemelex Xobeh.
  6191 | D:6      | Found a transporter.
  6232 | D:6      | Reached XP level 9. HP: 41/65 MP: 9/13
  6233 | D:6      | Reached skill level 5 in Fighting
  6411 | D:6      | Reached skill level 4 in Maces & Flails
  6413 | D:6      | Reached skill level 5 in Dodging
  7321 | D:7      | Reached skill level 5 in Maces & Flails
  7378 | D:7      | Found a flagged portal.
  7388 | Bailey   | Entered a bailey
  7600 | Bailey   | Acquired the ring "Ocraoczi" {Fly Int+7 Stlth-}
  7605 | Bailey   | Learned a level 1 spell: Freeze
  7992 | Bailey   | HP: 1/63 [gnoll/+0 halberd of draining (11)]
  8343 | D:7      | Reached skill level 1 in Ice Magic
  8439 | D:7      | Found a broken altar of Ashenzari.
  8869 | D:7      | Reached ** piety under Hepliaklqana
  8870 | D:7      | Remembered your ancestor 69 Crimes as a hexer
  8900 | D:7      | Reached skill level 6 in Maces & Flails
  9294 | D:8      | Reached XP level 10. HP: 51/74 MP: 10/16
  9312 | D:8      | Found Gosuuddevug's Antique Armour Shop.
  9607 | D:8      | Found a glowing golden altar of the Shining One.
  9776 | D:8      | Reached skill level 7 in Maces & Flails
 10056 | D:9      | Noticed a two-headed ogre
 10503 | D:8      | Killed a two-headed ogre
 10504 | D:8      | Reached skill level 5 in Spellcasting
 10626 | D:9      | Found a sacrificial altar of Ru.
 10662 | D:9      | Noticed Grum
 10677 | D:9      | Killed Grum
 10684 | D:9      | Reached skill level 8 in Maces & Flails
 11085 | D:9      | Reached *** piety under Hepliaklqana
 11239 | D:9      | Learned a level 3 spell: Frozen Ramparts
 11485 | D:10     | Entered Level 10 of the Dungeon
 11485 | D:10     | Noticed a gargoyle
 11493 | D:10     | Killed a gargoyle
 11525 | D:10     | Reached skill level 9 in Maces & Flails
 11525 | D:10     | Reached XP level 11. HP: 81/81 MP: 18/18
 11539 | D:10     | You are sucked into a shaft and drop 3 floors!
 11746 | D:13     | Noticed an ogre mage
 11746 | D:13     | Noticed a two-headed ogre
 11761 | D:13     | Noticed a two-headed ogre
 11774 | D:12     | Noticed a six-headed hydra
 11780 | D:12     | Noticed a boulder beetle
 11784 | D:12     | Noticed a red ugly thing
 11879 | D:11     | Noticed an eight-headed hydra
 11978 | D:9      | Reached skill level 10 in Maces & Flails
 12168 | D:10     | Identified the ring "Zozim" {rC+ Will+}
 12310 | D:10     | Noticed Sonja
 12355 | D:10     | HP: 4/82 [eight-headed hydra (1)]
 12356 | D:10     | Slain by an eight-headed hydra

Illustrated notes

Levels and vault maps discovered:
D:1:      tarquinn_simple_flora_water_b, layout_basic,
          hellmonk_ecumenical_altar_prayer_group
D:2:      layout_loops_ring, minmay_3d_cube, uniq_terence, uniq_jessica
D:3:      layout_basic, mainiacjoe_overflow_catwalk_spiral, serial_shops, shop
D:4:      layout_loops_cross, minmay_temple_entry_grid, serial_bayou_lake_a
D:5:      layout_basic, lightli_ossuary_entry_decrepit_ruins,
          minmay_manual_mares, uniq_edmund, uniq_duvessa
D:6:      gammafunk_steamed_eel, layout_basic, mainiacjoe_overflow_paths,
          minmay_strange_pillars
D:7:      layout_basic, ashenzari_conservatory_becter, enter_bailey_3,
          hangedman_misty_isle
D:8:      layout_cave_pools, lemuel_crystal_altar, serial_shops, shop,
          st_stairs_7
D:9:      layout_basic, hangedman_ru_absence, minmay_diced_spiral, uniq_grum
D:10:     layout_cave_pods, zombieorc2_lemuel, uniq_sonja
D:11:     layout_loops_ring, dpeg_oklobed_lair, nicolae_benzene_ring
D:12:     layout_rooms
D:13:     layout_cave_pools, hangedman_vaults_entry_quadrant_bands,
          enter_trove_6, lemuel_freeze_loot_1
Temple:   kb_temple_of_zot

Skill      XL: |  1  2  3  4  5  6  7  8  9 10 11 |
---------------+----------------------------------+-----
Dodging        | 2 3 4 5 6 7 |  7.2
Unarmed Combat | 4 |  4.4
Short Blades   | 1 3 4 5 6 |  6.5
Fighting       | 2 3 4 5 6 7 |  7.1
Stealth        | 1 2 3 4 |  4.0
Maces & Flails | 3 6 9 10 | 10.3
Spellcasting   | 3 4 5 |  5.3
Transmutations | 3 4 |  4.4
Ice Magic      | 1 2 |  2.0

Action                   |  1- 3 |  4- 6 |  7- 9 | 10-12 || total
-------------------------+-------+-------+-------+-------++-------
Melee: Unarmed           |    20 |       |       |       ||    20
       Tailslap          |     7 |    33 |    69 |    36 ||   145
       Punch             |     5 |     7 |     5 |       ||    17
       Short sword       |    75 |   260 |   262 |       ||   597
       Kick              |       |     8 |    41 |    28 ||    77
       Headbutt          |       |     3 |    28 |    19 ||    50
       Dire flail        |       |       |   196 |   191 ||   387
 Cast: Beastly Appendage |       |     3 |    24 |    10 ||    37
       Freeze            |       |       |    19 |       ||    19
Invok: Ancestor Identity |       |       |     1 |       ||     1
       Ancestor Life: He |       |       |     1 |       ||     1
       Recall Ancestor   |       |       |       |     5 ||     5
  Use: Scroll            |       |     7 |    12 |     9 ||    28
       Potion            |       |       |     6 |     3 ||     9
 Stab: Sleeping          |       |     2 |     3 |     1 ||     6
       Distracted        |       |       |     1 |     2 ||     3
Armor: Skin              |    30 |    87 |   157 |    79 ||   353
Dodge: Dodged            |    68 |   151 |   367 |   146 ||   732
